 Dungeon Crawl Stone Soup version 0.20.0-10-g0535bb4 (webtiles) character file.

84 blackwizard the Stinger (level 4, -3/40 HPs)
             Began as a Troll Venom Mage on June 5, 2017.
             Slain by an orc wizard
             ... wielding a +0 dagger
              (4 damage)
             ... on level 3 of the Dungeon.
             The game lasted 00:12:22 (2017 turns).

blackwizard the Stinger (Troll Venom Mage)          Turns: 2017, Time: 00:12:23

Health: -3/40      AC:  5    Str: 17    XL:     4   Next: 24%
Magic:  1/5        EV: 10    Int: 11    God:
Gold:   143        SH:  0    Dex: 10    Spells: 4/5 levels left

rFire    . . .     SeeInvis .   k - +0 spear
rCold    . . .     Gourm    +   (no shield)
rNeg     . . .     Faith    .   a - +0 robe
rPois    .         Spirit   .   (helmet restricted)
rElec    .         Reflect  .   (no cloak)
rCorr    +         Harm     .   (gloves unavailable)
MR       +....                  (boots unavailable)
Stlth    +.........             (no amulet)
Regen    0.6/turn               x - ring of resist corrosion
MPRegen  0.1/turn               y - ring of protection from magic (curse)

@: very slightly contaminated
A: unfitting armour, claws 3, fast metabolism 3, gourmand, regeneration 1,
shaggy fur 1, tough skin 2
a: no special abilities


You were on level 3 of the Dungeon.
You were not hungry.

You visited 1 branch of the dungeon, and saw 3 of its levels.

You collected 143 gold pieces.

Inventory:

Hand Weapons
 g - a +0 short sword
 k - a +0 spear (weapon)
 q - a +0 blowgun
 v - a +0 short sword
Missiles
 h - 63 stones (quivered)
 u - 15 bolts
 w - 30 poisoned needles
Armour
 a - a +0 robe (worn)
 m - a +0 pair of gloves
Jewellery
 x - a ring of resist corrosion (left claw)
 y - a cursed ring of protection from magic (right claw)
Wands
 t - a wand of lightning (11/15)
Scrolls
 f - 2 scrolls of enchant armour {unknown}
 i - 2 scrolls of identify {unknown}
 o - 3 scrolls of amnesia {unknown}
 r - a scroll of remove curse {unknown}
Potions
 d - a potion of brilliance {unknown}
 e - 2 potions of might {unknown}
 j - 2 potions of heal wounds {unknown}
 l - a potion of agility {unknown}
 n - 2 potions of curing {unknown}
 s - a potion of berserk rage {unknown}
 z - a potion of haste {unknown}
Books
 b - a Young Poisoner's Handbook

   Spells                             Type                      Level
   a - Sting                          Conjuration/Poison           1
   b - Poisonous Vapours              Poison/Air                   2
   c - Mephitic Cloud                 Conjuration/Poison/Air       3
   d - Olgreb's Toxic Radiance        Poison                       4
   e - Venom Bolt                     Conjuration/Poison           5
Comestibles
 p - 3 meat rations
 A - 3 inedible chunks of flesh


   Skills:
 + Level 0.4 Fighting
 + Level 0.1 Polearms
 + Level 2.0 Dodging
 + Level 1.0 Stealth
 + Level 1.8 Unarmed Combat
 + Level 1.4 Spellcasting
 + Level 0.7 Conjurations
 + Level 2.9 Poison Magic


You had 4 spell levels left.
You knew the following spells:

 Your Spells              Type           Power        Failure   Level  Hunger
a - Sting                 Conj/Pois      #...         14%         1    ##.....


Dungeon Overview and Level Annotations

Branches:
Dungeon (3/15)

Altars:
Dithmenos

Annotations:
D:3 Grinder


Innate Abilities, Weirdness & Mutations

You are too large for most types of armour.
You have claws for hands.
Your metabolism is lightning-fast.
You like to eat raw meat.
Your natural rate of healing is unusually fast.
You are covered in fur. (AC +1)
You have very tough skin. (AC +2)


Message History

Grinder barely misses you. The orc wizard closely misses you.
Casting: Sting
Confirm with . or Enter, or press ? or * to list all spells.
Aiming: Sting
Press: ? - help, Shift-Dir - straight line, f/p - Grinder
Aim: Grinder The sting misses Grinder.
The orc wizard mumbles some strange words.
The orc wizard blinks!
Grinder gestures at you.
You easily resist.
The orc wizard casts a spell at you. The magic dart hits you!
* * * LOW HITPOINT WARNING * * *
Grinder closely misses you. The orc wizard hits you with a dagger.
* * * LOW HITPOINT WARNING * * *
Grinder hits you.
* * * LOW HITPOINT WARNING * * *
The orc wizard hits you with a dagger.
You die...

#.............#..#ooo..#
#############.#.##g#.#.#
#..ยง...#g#..#
###.####o##.#
#.#...o...#
########o#.##.#......
##......o.#.##.#.#####
#....5....#....#.#
#....@og.####.....
#<..######## #..... ##
#...... #......


You could see Grinder, an orc wizard, 2 orcs and a hobgoblin.

Vanquished Creatures
  A gnoll (D:1)
  An adder (D:3)
  4 worms (D:2)
  2 dart slugs
  2 leopard geckos
  A ball python (D:2)
  2 giant cockroaches (D:2)
  4 goblins
  8 hobgoblins
  8 kobolds
  7 bats
  4 frilled lizards
  3 rats
  A toadstool (D:1)
48 creatures vanquished.

Vanquished Creatures (others)
  3 toadstools (D:1)
3 creatures vanquished.

Grand Total: 51 creatures vanquished

Notes
Turn   | Place    | Note
-------+----------+-------------------------------------------
     0 | D:1      | blackwizard the Troll Venom Mage began the quest for the Orb.
     0 | D:1      | Reached XP level 1. HP: 16/16 MP: 1/1
   193 | D:1      | Reached XP level 2. HP: 24/24 MP: 2/2
   509 | D:1      | Reached XP level 3. HP: 31/31 MP: 0/3
   927 | D:2      | Reached skill level 1 in Unarmed Combat
  1487 | D:2      | Reached XP level 4. HP: 34/39 MP: 1/5
  1777 | D:3      | Found a shadowy altar of Dithmenos.
  2009 | D:3      | Noticed Grinder
  2017 | D:3      | HP: 1/40 [Grinder (3)]
  2017 | D:3      | Slain by an orc wizard

Skill      XL: |  1  2  3 |
---------------+----------+-----
Unarmed Combat | 1 |  1.8
Dodging        | 2 |  2.0
Fighting       | |  0.4
Polearms       | |  0.1
Stealth        | |  1.0
Spellcasting   | |  1.4
Conjurations   | |  0.7
Poison Magic   | |  2.9

Action                   |  1- 3 |  4- 6 || total
-------------------------+-------+-------++-------
Melee: Unarmed           |    92 |       ||    92
       Spear             |    25 |    42 ||    67
       Punch             |     1 |       ||     1
 Cast: Sting             |    48 |    16 ||    64
 Stab: Sleeping          |     1 |       ||     1
  Eat: Chunk             |     6 |     2 ||     8
       Bread ration      |     2 |     1 ||     3
Armor: Robe              |    53 |    10 ||    63
Dodge: Dodged            |    77 |    43 ||   120
